 Dungeon Crawl Stone Soup version 0.28.0-45-g0d030f2227 (webtiles) character file.

Game seed: 6723650698555904085

59 Icepheonix32 the Covered (level 3, 0/29 HPs)
             Began as a Demonspawn Fighter on Apr 6, 2022.
             Slain by a gnoll
             ... wielding a +0 club
              (2 damage)
             ... on level 2 of the Dungeon.
             The game lasted 00:01:24 (1321 turns).

Icepheonix32 the Covered (Demonspawn Fighter)       Turns: 1321, Time: 00:01:25

Health: 0/29       AC: 15    Str: 20    XL:     3   Next: 78%
Magic:  12/12      EV:  9    Int:  9    God:
Gold:   82         SH:  4    Dex: 12    Spells: 2/2 levels left

rFire   . . .      SeeInvis .   a - +0 long sword
rCold   . . .      Faith    .   c - +0 buckler
rNeg    . . .      Spirit   .   b - +0 scale mail
rPois   .          Reflect  .   (no helmet)
rElec   .          Harm     .   f - +1 cloak
rCorr   .          Rampage  .   (no gloves)
Will    .....                   (no boots)
Stlth   ..........              (no amulet)
HPRegen 0.09/turn               g - ring of magical power
MPRegen 0.13/turn               (no ring)

@: brilliant, lethally poisoned (0 -> -2), sanguine armoured
A: demonic guardian 1, sanguine armour 1, strong 1, MP-powered wands
a: no special abilities


You were on level 2 of the Dungeon.
You visited 1 branch of the dungeon, and saw 2 of its levels.

You collected 82 gold pieces.

Inventory:

Hand Weapons
 a - a +0 long sword (weapon)
Missiles
 e - 6 poisoned darts (quivered)
Armour
 b - a +0 scale mail (worn)
 c - a +0 buckler (worn)
 f - a +1 cloak (worn)
Jewellery
 g - a ring of magical power (left hand)
Scrolls
 h - 2 scrolls of identify {unknown}
 k - 3 scrolls of enchant weapon {unknown}
Potions
 j - a potion of curing {unknown}


   Skills:
 + Level 3.2 Fighting
 - Level 2.0 Long Blades
 * Level 3.6 Armour
 + Level 0.1 Dodging
 + Level 3.2 Shields


You had 2 spell levels left.
You didn't know any spells.
Your spell library was empty.

Dungeon Overview and Level Annotations

Branches:
Dungeon (2/15)

Altars:


Innate Abilities, Weirdness & Mutations

A weak demonic guardian rushes to your aid.
When seriously injured, your blood forms armour. (AC +6)
Your muscles are strong. (Str +2)
You expend magic power (3 MP) to strengthen your wands.


Message History

You hear a shout!
A gnoll comes into view. It is wielding a +0 club.
The gnoll shouts! x2; The frilled lizard hisses angrily.
The gnoll hits you with a +0 whip. The gnoll barely misses you.
You barely miss the gnoll. You block the gnoll's attack.
You slash the gnoll!
You kill the gnoll!
The gnoll barely misses you.
The gnoll hits you from afar with a +2 spear of venom.
You block the frilled lizard's attack. The gnoll closely misses you.
Your Shields skill increases to level 3!
You slash the gnoll!
The gnoll is severely wounded.
The frilled lizard bites you. The gnoll hits you with a +0 whip.
A demonic guardian appears!
Your blood congeals into armour.
The gnoll closely misses you.
You slash the gnoll!
You kill the gnoll!
The frilled lizard barely misses you.
The gnoll hits you from afar with a +2 spear of venom.
A demonic guardian appears!
You are poisoned.
Your iron imp hits the gnoll!
You block the frilled lizard's attack.
You swap places.
You feel very sick. You block the gnoll's attack.
The frilled lizard barely misses your iron imp.
You feel sick. The gnoll barely misses your iron imp.
Found a stone staircase leading down.
You feel sick.
It was a potion of mutation.
You feel extremely strange.
You feel stronger.
You feel your magical essence link to the dungeon's wands.
You feel sick. The gnoll hits you with a +0 club.
* * * LOW HITPOINT WARNING * * *
Your iron imp barely misses the gnoll.
It was a potion of brilliance.
You feel clever all of a sudden.
* * * LOW HITPOINT WARNING * * *
You feel sick. The gnoll hits you with a +0 club.
You die...

#.#. .#.#.### #
........ .#
......##.#
.g.g5..
#)#.####.###
#)l.5.......
#.######g####.###
>......@.........
....####.####...#
# #.# #.# # #.#
#.# #.# #.#
#.####.# #(...#.#
#.####.#.# .
#........# ..


You could see a gnoll and a friendly iron imp (summoned).

Vanquished Creatures
  2 gnolls (D:2)
  An adder (D:2)
  A dart slug (D:1)
  6 bats (D:1)
  4 endoplasms (D:1)
  6 hobgoblins (D:1)
  2 quokkas (D:1)
  3 kobolds (D:1)
  4 rats (D:1)
29 creatures vanquished.

Vanquished Creatures (others)
  A fungus (D:1)
  2 plants (D:1)
3 creatures vanquished.

Grand Total: 32 creatures vanquished

Notes
Turn   | Place    | Note
-------+----------+-------------------------------------------
     0 | D:1      | Icepheonix32 the Demonspawn Fighter began the quest for the
                  | Orb.
     0 | D:1      | Reached XP level 1. HP: 18/18 MP: 1/1
   236 | D:1      | Found a faded altar of an unknown god.
   277 | D:1      | Gained mutation: When seriously injured, your blood forms
                  | armour. (AC +6) [demonic ancestry]
   277 | D:1      | Reached XP level 2. HP: 21/24 MP: 2/2
  1064 | D:1      | Gained mutation: A weak demonic guardian rushes to your
                  | aid. [demonic ancestry]
  1064 | D:1      | Reached XP level 3. HP: 26/29 MP: 3/3
  1320 | D:2      | Gained mutation: Your muscles are strong. (Str +2) [potion
                  | of mutation]
  1320 | D:2      | Gained mutation: You expend magic power (3 MP) to
                  | strengthen your wands. [potion of mutation]
  1321 | D:2      | Slain by a gnoll

Illustrated notes

Levels and vault maps discovered:
D:1:      sevenhm_arrival_forest_fort_large_4, layout_basic,
          shapermc_ecumenical_altar_mp_urbaneastern
D:2:      layout_basic, uniq_terence

Skill      XL: |  1  2  3 |
---------------+----------+-----
Long Blades    | 2 |  2.0
Armour         | 3 |  3.6
Shields        | 3 |  3.2
Fighting       | |  3.2
Dodging        | |  0.1

Action                   || total
-------------------------++-------
Melee: Long sword        ||    84
Throw: Dart              ||     1
  Use: Potion            ||     3
Armor: Scale mail        ||    52
Dodge: Dodged            ||    37
Block: Buckler           ||    29
